 Dungeon Crawl Stone Soup version 0.31-a0-836-g3ceb0a68c4 (webtiles) character file.

Game seed: 6622415804288859755

3234 Kurtz the Cleaver (level 9, -3/63 HPs)
             Began as an Octopode Fighter on Sept 27, 2023.
             Was an Elder of Okawaru.
             Slain by a centaur
             ... wielding the +4 whip of Punishment {elec, rN+}
              (10 damage)
             ... on level 6 of the Dungeon.
             The game lasted 00:09:02 (7967 turns).

Kurtz the Cleaver (Octopode Fighter)                Turns: 7967, Time: 00:09:03

Health: -3/63      AC:  1    Str: 18    XL:     9   Next: 98%
Magic:  0/12       EV: 13    Int: 10    God:    Okawaru [****..]
Gold:   416        SH:  4    Dex: 13    Spells: 8/8 levels left

rFire   . . .        A - +2 flail (holy)
rCold   . . .        b - +0 buckler
rNeg    . . .        (helmet restricted)
rPois   .            y - amulet of guardian spirit
rElec   .            (no ring)
rCorr   .            (no ring)
SInv    .            (no ring)
Will    .....        (no ring)
Stlth   ++           (no ring)
HPRegen 0.30/turn    (no ring)
MPRegen 0.13/turn    (no ring)
                     (no ring)

%: guardian spirit
@: no status effects
A: almost no armour, amphibious, 8 rings, camouflage 1, gelatinous body 1,
(nimble swimmer 1), tentacles
a: Renounce Religion, Heroism, Finesse


You were on level 6 of the Dungeon.
You worshipped Okawaru.
Okawaru was greatly pleased with you.
You visited 2 branches of the dungeon, and saw 9 of its levels.
You also visited: Ossuary.

You collected 482 gold pieces.
You spent 66 gold pieces at shops.

Inventory:

Hand Weapons
 a - a +0 war axe
 A - a +2 flail of holy wrath (weapon)
 B - the +1 glaive "Xemism" {flame, rPois Str+2 Dex+2}
   (You found it on level 5 of the Dungeon)

   Str+2:     It affects your strength (+2).
   Dex+2:     It affects your dexterity (+2).
   rPois:     It protects you from poison
 D - a +0 flail of draining
 H - the +1 whip of Bellairo {drain, Str+3}
   (You found it on level 8 of the Dungeon)

   Str+3:     It affects your strength (+3).
Armour
 b - a +0 buckler (worn)
Jewellery
 i - a +6 ring of intelligence
 y - an amulet of guardian spirit (around mantle)
Wands
 q - a wand of flame (24) (quivered)
 C - a wand of mindburst (11)
Scrolls
 c - a scroll of amnesia {unknown}
 d - 7 scrolls of enchant armour
 g - 2 scrolls of teleportation
 h - 3 scrolls of fog
 m - a scroll of vulnerability {unknown}
 o - a scroll of enchant weapon {unknown}
 r - 4 scrolls of fear {unknown}
 u - a scroll of brand weapon {unknown}
 v - 2 scrolls of immolation {unknown}
 w - 4 scrolls of butterflies {unknown}
 x - 2 scrolls of noise {unknown}
 F - a scroll of poison
Potions
 e - 2 potions of magic
 f - a potion of heal wounds
 j - a potion of mutation {unknown}
 k - 3 potions of curing
 l - 3 potions of resistance
 n - 4 potions of berserk rage
 p - a potion of enlightenment {unknown}
 s - 2 potions of attraction {unknown}
 t - a potion of haste {unknown}
 z - a potion of degeneration {unknown}
 E - a potion of cancellation {unknown}
 G - a potion of invisibility {unknown}


   Skills:
 + Level 6.3 Fighting
 * Level 11.8 Axes
 - Level 3.0 Dodging
 - Level 3.0 Shields
 * Level 4.4 Invocations


You had 8 spell levels left.
You didn't know any spells.
Your spell library contained the following spells:

 Spells                   Type           Power      Damage    Failure   Level
 Blink                    Tloc           0%         N/A       58%         2
 Lesser Beckoning         Tloc           0%         N/A       58%         2
 Momentum Strike          Conj/Tloc      0%         3d8       58%         2
 Ozocubu's Armour         Ice            0%         N/A       82%         3
 Ozocubu's Refrigeration  Ice            0%         4d7       100%        7
 Malign Gateway           Summ/Tloc      Unusable   N/A       N/A         7
 Summon Horrible Things   Summ           Unusable   N/A       N/A         8

Dungeon Overview and Level Annotations

Branches:
Dungeon (8/15)             Temple (1/1) D:5         Ossuary (visited)
   Lair: D:8-11

Altars:
Ashenzari
Cheibriados
Dithmenos
Elyvilon
Fedhas
Gozag
Kikubaaqudgha
Makhleb
Nemelex Xobeh
Okawaru
Qazlal
Ru
Sif Muna
Trog
Uskayaw
Vehumet
Xom
Yredelemnul
Zin
The Shining One

Shops:
D:1 **[?   D:7 [

Annotations:
D:5 exclusion: downstairs
D:8 3 runed translucent doors, bcImEvil's ghost, novice HuWn


Innate Abilities, Weirdness & Mutations

You cannot wear most types of armour.
You are amphibious.
You can wear up to eight rings at the same time.
Your skin changes colour to match your surroundings (Stealth+).
Your rubbery body absorbs attacks. (AC +1, EV +1)
((You are camouflaged when in or above water. (Stealth+)))
You have tentacles for arms and can constrict up to eight enemies at once.


Message History

C - a wand of mindburst (11)
Things that are here:
a +0 club; a gnoll skeleton
w - 4 scrolls labelled XOPYGE DUGHUD (gained 1)
You now have 401 gold pieces (gained 18).
You now have 416 gold pieces (gained 15).
s - 2 sedimented brown potions (gained 1)
The centaur shouts!
The centaur shoots an arrow.
You block the arrow.
The centaur shoots an arrow.
The arrow barely misses you.
The centaur shoots an arrow.
The arrow closely misses you.
The centaur shoots an arrow.
The arrow closely misses you.
The centaur shoots an arrow.
The arrow hits you.
The centaur shoots an arrow.
The arrow hits you!
The centaur unwields a +0 orcbow.
The centaur wields the +4 whip of Punishment {elec, rN+}.
You hear the crackle of electricity.
The centaur hits you with the +4 whip of Punishment {elec, rN+}!
You are electrocuted!
The centaur barely misses you.
You are too injured to fight recklessly!
You are too injured to fight recklessly!
You are too injured to fight recklessly!
You thump the centaur!
The centaur is moderately wounded.
The centaur barely misses you. The centaur kicks you.
The centaur hits you with the +4 whip of Punishment {elec, rN+}!
The centaur kicks you but does no damage.
You closely miss the centaur.
The centaur is moderately wounded.
The centaur hits you with the +4 whip of Punishment {elec, rN+}.
* * * LOW HITPOINT WARNING * * *
You are electrocuted!
* * * LOW HITPOINT WARNING * * *
You block the centaur's attack. The centaur barely misses you.
The centaur closely misses you.
You hit the centaur but do no damage. You squeeze the centaur!
The centaur is almost dead.
The centaur closely misses you. The centaur misses you.
The centaur hits you with the +4 whip of Punishment {elec, rN+}!
You die...

..# ##### #..## ..#
##..>####.### ..#
###...........# ..##
######.............##
#..#
#...................#
##.##
....................#
#..#
.....)..............#
##)##
###.............#
.).# #...@.........#
..)# #..c..........#
...# #.............#
...# #.............#
...# #.............#
...######
###..........%.##
........#
#..............#
........#
##.............##
........##
#..............##


You could see a centaur.

Vanquished Creatures
  Grinder (D:6)
  Prince Ribbit (D:8)
  A spriggan (D:8)
  A steam dragon (D:8)
  Edmund (D:5)
  2 water moccasins
  3 ice beasts
  An orc warrior (D:7)
  An ogre (D:6)
  A phantom (D:7)
  Blork the orc (D:5)
  2 bullfrogs
  2 scorpions (D:5)
  2 water moccasin zombies (Ossuary)
  3 wights (D:6)
  3 howler monkeys (D:8)
  A jelly (D:6)
  4 hounds (D:5)
  2 gnoll boudas
  6 orc priests
  A sleepcap (D:5)
  Jessica (D:2)
  2 iguanas
  Natasha (D:4)
  6 orc wizards
  2 mummies (Ossuary)
  5 gnolls
  9 adders
  A shadow imp (D:8)
  2 white imps
  3 ufetubi
  5 adder zombies (Ossuary)
  5 worms
  2 dart slugs (D:4)
  29 orcs
  3 endoplasms (D:2)
  4 giant cockroaches
  6 gnoll zombies (Ossuary)
  16 goblins
  5 hobgoblins
  7 quokkas
  6 ball pythons
  2 bats
  8 frilled lizards (D:1)
  5 hobgoblin zombies (Ossuary)
  7 kobolds
  4 kobold zombies (Ossuary)
  7 orc zombies (Ossuary)
  6 rats
199 creatures vanquished.

Notes
Turn   | Place    | Note
-------+----------+-------------------------------------------
     0 | D:1      | Kurtz the Octopode Fighter began the quest for the Orb.
     0 | D:1      | Reached XP level 1. HP: 16/16 MP: 1/1
    42 | D:1      | Reached XP level 2. HP: 21/21 MP: 2/2
   110 | D:1      | Reached skill level 3 in Axes
   152 | D:1      | Found Noemuw's Armour Emporium.
   170 | D:1      | Reached XP level 3. HP: 23/26 MP: 3/3
   256 | D:1      | Found Soeliepn's Assorted Antiques.
   257 | D:1      | Found Nietakhliel's General Store.
   299 | D:1      | Bought a scroll of fog for 44 gold pieces
   449 | D:1      | Found Jonwoxt's Magic Scroll Emporium.
   452 | D:1      | Bought a scroll of identify for 22 gold pieces
   631 | D:2      | Reached skill level 4 in Axes
   676 | D:2      | Reached XP level 4. HP: 31/31 MP: 4/4
  1002 | D:2      | Noticed Jessica
  1012 | D:2      | Killed Jessica
  1465 | D:3      | Reached skill level 5 in Axes
  1465 | D:3      | Reached XP level 5. HP: 35/36 MP: 5/5
  1571 | D:3      | Found the +6 lightning scales {swift, rElec}
  2225 | D:4      | Found a sacrificial altar of Ru.
  2347 | D:4      | Reached skill level 6 in Axes
  2347 | D:4      | Reached XP level 6. HP: 32/42 MP: 6/6
  2679 | D:4      | Noticed Natasha
  2686 | D:4      | Killed Natasha
  2889 | D:5      | Entered Level 5 of the Dungeon
  2908 | D:5      | Noticed Blork the orc
  2915 | D:5      | Killed Blork the orc
  2986 | D:5      | Reached skill level 7 in Axes
  3213 | D:5      | Found a staircase to the Ecumenical Temple.
  3224 | Temple   | Entered the Ecumenical Temple
  3286 | Temple   | Became a worshipper of Warmaster Okawaru
  3304 | D:5      | Reached XP level 7. HP: 34/46 MP: 7/7
  3481 | D:5      | Noticed Edmund
  3491 | D:5      | Killed Edmund
  3645 | D:5      | Reached skill level 1 in Invocations
  3751 | D:5      | Reached * piety under Okawaru
  3752 | D:5      | Reached skill level 8 in Axes
  3997 | D:5      | Identified the +1 glaive "Xemism" {flame, rPois Str+2
                  | Dex+2}
  4285 | D:6      | Found a basalt altar of Yredelemnul.
  4334 | D:6      | Noticed Grinder
  4340 | D:5      | Reached XP level 8. HP: 36/53 MP: 5/9
  4738 | D:7      | Reached skill level 9 in Axes
  4742 | D:7      | Reached ** piety under Okawaru
  5101 | D:7      | Found Gem Not's Antique Armour Boutique.
  5152 | D:7      | Reached skill level 10 in Axes
  5834 | D:8      | Reached XP level 9. HP: 33/59 MP: 7/11
  6007 | D:8      | Reached *** piety under Okawaru
  6082 | D:8      | Noticed Prince Ribbit
  6094 | D:8      | Killed Prince Ribbit
  6095 | D:8      | Reached skill level 5 in Fighting
  6095 | D:8      | Reached skill level 11 in Axes
  6254 | D:8      | Found a runed translucent gate.
  6254 | D:8      | Found a runed translucent gate.
  6254 | D:8      | Found a runed translucent gate.
  6254 | D:8      | Noticed a spectral unseen horror
  6255 | D:8      | Noticed bcImEvil's ghost (novice HuWn)
  6274 | D:8      | Found a sand-covered staircase.
  6279 | Ossuary  | Entered an ossuary
  6702 | D:8      | Identified the +1 whip of Bellairo {drain, Str+3}
  6709 | D:8      | Noticed a manticore
  6916 | D:6      | Identified the +4 whip of Punishment {elec, rN+}
  7087 | D:6      | Killed Grinder
  7141 | D:6      | Reached **** piety under Okawaru
  7967 | D:6      | Slain by a centaur

Illustrated notes

Levels and vault maps discovered:
D:1:      saegor_arrival_simple_b, layout_rooms, serial_shops,
          nicolae_shop_rolled_up, shop, nicolae_shop_tiny_statue_garden, shop,
          minmay_lizard_pond
D:2:      layout_basic, serial_glass, glass_columns_a, glass_columns_b,
          uniq_jessica
D:3:      layout_basic, minmay_starry_boxes
D:4:      layout_gridville, kennysheep_mini_moat, hex_medium, st_stairs_10,
          hangedman_glass_teeth, uniq_natasha
D:5:      layout_loops_ring, minmay_temple_entry_sparse_star,
          serial_bayou_pond_d, uniq_blork_the_orc, uniq_edmund
D:6:      layout_cave_pods, overflow_temple_1_default,
          ebering_ghost_disaster_area, uniq_grinder
D:7:      layout_loops_cross, serial_shops, shop
D:8:      layout_gridville, nicolae_ossuary_entry_false_entrances,
          gammafunk_ghost_necromancy, minivault_14, grunt_decor_arrowhead,
          the_hattery, uniq_prince_ribbit1
Temple:   hc_temple_tempest_star

Skill      XL: |  1  2  3  4  5  6  7  8  9 |
---------------+----------------------------+-----
Axes           | 3 4 5 6 7 8 10 11 | 11.8
Invocations    | 1 3 4 |  4.4
Fighting       | 4 6 |  6.3
Dodging        | |  3.0
Shields        | |  3.0

Action                     |  1- 3 |  4- 6 |  7- 9 || total
---------------------------+-------+-------+-------++-------
  Melee: War axe           |    64 |    95 |    15 ||   174
         Constrict         |    16 |    32 |    67 ||   115
         Tentacles         |     9 |    28 |    60 ||    97
         Punch             |     2 |     2 |     6 ||    10
         Flail             |       |       |   238 ||   238
 Invoke: Heroism           |       |       |     2 ||     2
  Evoke: Wand              |       |       |    22 ||    22
    Use: Scroll            |       |     4 |     6 ||    10
         Potion            |       |       |     5 ||     5
   Stab: Sleeping          |     1 |    11 |     8 ||    20
         Distracted        |       |     1 |     1 ||     2
 Armour: Skin              |    26 |    28 |   131 ||   185
  Dodge: Dodged            |    50 |    44 |   159 ||   253
  Block: Buckler           |    18 |    16 |    45 ||    79

Table legend: (Time is in decaauts)
 A = Elapsed time spent in this place.
 B = Non-inter-level travel time spent in this place.
 C = Inter-level travel time spent in this place.
 D = Time resting spent in this place.
 E = Time spent auto-exploring this place.
 F = Levels seen in this place.
 G = Mean time per level.
                   A        B        C        D        E       F      G
               +--------+--------+--------+--------+--------+-----+--------+
         Total |   8074 |   7561 |    513 |   1558 |   4425 |  10 |  807.4 |
       Dungeon |   7760 |   7259 |    501 |   1558 |   4297 |   8 |  970.0 |
        Temple |     74 |     62 |     12 |      0 |      0 |   1 |   74.0 |
       Ossuary |    238 |    238 |      0 |      0 |    128 |   1 |  238.0 |
               +--------+--------+--------+--------+--------+-----+--------+

Top non-repeatable levels by time:
     D:5: 1659 daAuts
     D:7: 1299 daAuts
     D:6: 1144 daAuts
     D:4: 913 daAuts
     D:2: 857 daAuts
     D:3: 764 daAuts
     D:8: 625 daAuts
     D:1: 497 daAuts
 Ossuary: 238 daAuts
  Temple: 74 daAuts
